 Dungeon Crawl Stone Soup version 0.21.1-1-g345015fe64 (webtiles) character file.

26 KleinerIrrer the Insei (level 3, 0/25 HPs)
             Began as an Octopode Transmuter on Apr 18, 2018.
             Slain by a worm (12 damage)
             ... on level 2 of the Dungeon.
             The game lasted 00:00:50 (1832 turns).

KleinerIrrer the Insei (Octopode Transmuter)        Turns: 1832, Time: 00:00:50

Health: 0/25       AC:  1    Str:  9    XL:     3   Next: 8%
Magic:  5/6        EV: 13    Int: 15    God:
Gold:   73         SH:  0    Dex: 13    Spells: 5/6 levels left

rFire    . . .     SeeInvis .   Y - +0 mace
rCold    . . .     Gourm    .   (no shield)
rNeg     . . .     Faith    .   (helmet restricted)
rPois    .         Spirit   .   (no amulet)
rElec    .         Reflect  .   (no ring)
rCorr    .         Harm     .   (no ring)
MR       .....                  (no ring)
Stlth    ++........             (no ring)
HPRegen  0.08/turn              (no ring)
MPRegen  0.10/turn              (no ring)
                                (no ring)
                                (no ring)

@: appendage (expiring)
A: almost no armour, stealthy swim, amphibious, 8 rings, constrict 8, tentacle
spike 3, camouflage 1, gelatinous body 1
a: End Transformation


You were on level 2 of the Dungeon.
You were not hungry.
One of your tentacles had a temporary spike.
You visited 1 branch of the dungeon, and saw 2 of its levels.

You collected 73 gold pieces.


Innate Abilities, Weirdness & Mutations

You cannot wear most types of armour.
You are very stealthy in the water. (Stealth+)
You are amphibious.
You can wear up to eight rings at the same time.
You can use your tentacles to constrict eight enemies at once.
Your skin changes colour to match your surroundings (Stealth+).
Your rubbery body absorbs attacks. (AC +1, EV +1)
One of your tentacles bears a large vicious spike.


   Skills:
 + Level 2.9 Fighting
 - Level 2.0 Dodging
 - Level 3.0 Unarmed Combat
 - Level 2.0 Spellcasting
 - Level 2.0 Transmutations


You had 5 spell levels left.
You knew the following spells:

 Your Spells              Type           Power        Failure   Level  Hunger
a - Beastly Appendage     Tmut           #.....       10%         1    #......

Inventory:

Hand Weapons
 i - a +0 whip
 Y - a +0 mace (weapon)
Potions
 a - a potion of haste {unknown}
 c - a potion of curing {unknown}
 h - a potion of flight {unknown}
Books
 b - a book of Changes

   Spells                             Type                      Level
   a - Beastly Appendage              Transmutation                1
   b - Sticks to Snakes               Transmutation                2
   c - Spider Form                    Transmutation/Poison         3
   d - Ice Form                       Ice/Transmutation            4
   e - Blade Hands                    Transmutation                5
Comestibles
 e - 2 rations

Dungeon Overview and Level Annotations

Branches:
Dungeon (2/15)

Altars:


Message History

Confirm with . or Enter, or press ? or * to list all spells.
One of your tentacles grows a vicious spike.
The worm bites you.
You hit the worm. You grab the worm.
The worm is lightly wounded.
You constrict the worm. The worm bites you!
You hit the worm.
You pierce the worm, but do no damage.
The worm is moderately wounded.
Your transformation is almost over.
You constrict the worm. The worm barely misses you.
You completely miss the worm.
The worm is moderately wounded.
You constrict the worm. You hit the worm but do no damage.
The worm is moderately wounded.
You constrict the worm. The worm closely misses you.
You hit the worm.
The worm is heavily wounded.
You constrict the worm. The worm bites you!
You die...

#.# #.# #.#....(.....#
#.#######.######?#..........#
#>.....................######
#.#######.#######..###......#
#.#..................#..###.#
#.#.........######.#.#..#...#
#.#..............#...#..#.#<#
#.#..........w.(.#...#..#.#.#
#.#.........#@#..#...#..#.#.#
#.#######.#.#....#.).#..#.#.#
#.# #.#.#.#..#.#.#..#.#.#
#.#######.#.#.#..#.#.#..#...#.
#...............(...w.........
#########.#.####.#.#.#........
###'#...((.#...#.#####.#
#.......######...# #
#................#


You could see a worm.

Vanquished Creatures
  An adder (D:2)
  2 dart slugs
  A giant cockroach (D:1)
  A hobgoblin (D:1)
  A bat (D:1)
  3 frilled lizards (D:1)
  2 goblins
  5 kobolds
  A rat (D:1)
17 creatures vanquished.

Notes
Turn   | Place    | Note
-------+----------+-------------------------------------------
     0 | D:1      | KleinerIrrer the Octopode Transmuter began the quest for the Orb.
     0 | D:1      | Reached XP level 1. HP: 13/13 MP: 3/3
     0 | D:1      | 0 ||| counter = 82
    71 | D:1      | 71 ||| CASTING Beastly Appendage
   279 | D:1      | 279 ||| Wielding weapon dagger of draining.
   295 | D:1      | 295 ||| CASTING Beastly Appendage
   405 | D:1      | 405 ||| CASTING Beastly Appendage
   434 | D:1      | 434 ||| CASTING Beastly Appendage
   475 | D:1      | 475 ||| CASTING Beastly Appendage
   476 | D:1      | 476 ||| CASTING Beastly Appendage
   478 | D:1      | Reached XP level 2. HP: 19/19 MP: 1/5
   540 | D:1      | 540 ||| SWAPPING to mace.
   541 | D:1      | 541 ||| DROPPING +2 dagger of draining.
   542 | D:1      | 542 ||| DROPPING club.
   554 | D:1      | 554 ||| CASTING Beastly Appendage
   598 | D:1      | 598 ||| CASTING Beastly Appendage
   624 | D:1      | 624 ||| CASTING Beastly Appendage
   703 | D:1      | 703 ||| CASTING Beastly Appendage
   768 | D:1      | 768 ||| CASTING Beastly Appendage
   829 | D:1      | 829 ||| CASTING Beastly Appendage
   830 | D:1      | 830 ||| CASTING Beastly Appendage
   831 | D:1      | 831 ||| CASTING Beastly Appendage
   891 | D:1      | 891 ||| CASTING Beastly Appendage
  1009 | D:1      | 1009 ||| READING scroll labeled ICWALL VUOTZ.
  1010 | D:1      | 1010 ||| READING scroll labeled BAHIRE PUPTIF.
  1011 | D:1      | 1011 ||| DROPPING 12 arrows.
  1079 | D:2      | 1079 ||| CASTING Beastly Appendage
  1276 | D:2      | 1276 ||| CASTING Beastly Appendage
  1420 | D:2      | 1420 ||| CASTING Beastly Appendage
  1421 | D:2      | 1421 ||| CASTING Beastly Appendage
  1424 | D:2      | HP: 5/20 [adder (3)]
  1426 | D:2      | Reached XP level 3. HP: 5/25 MP: 3/6
  1429 | D:2      | HP: 3/25 [poisoned by an adder]
  1437 | D:2      | HP: 2/25 [poisoned by an adder]
  1787 | D:2      | 1787 ||| CASTING Beastly Appendage
  1799 | D:2      | 1799 ||| STAIRDANCE
  1804 | D:1      | 1804 ||| EATING 3 rations.
  1805 | D:1      | 1805 ||| READING scroll labeled LUMUAM QOFIY.
  1827 | D:2      | 1827 ||| CASTING Beastly Appendage
  1832 | D:2      | Slain by a worm

Vault maps used:
D:1:      lemuel_arrival_muddy, grunt_decor_fettered, serial_bayou_lagoon_a
D:2:      minmay_three_crescents

Skill      XL: |  1 |
---------------+----+-----
Fighting       | 2 |  2.9
Dodging        | |  2.0
Unarmed Combat | |  3.0
Spellcasting   | |  2.0
Transmutations | |  2.0

Action                   || total
-------------------------++-------
Melee: Dagger            ||     7
       Unarmed           ||     5
       Constrict         ||    11
       Tentacles         ||     6
       Kick              ||     8
       Mace              ||    27
 Cast: Beastly Appendage ||    17
  Use: Scroll            ||     3
  Eat: Chunk             ||     2
       Ration            ||     1
Armor: Skin              ||     1
Dodge: Dodged            ||    13

Table legend:
 A = Spawn XP
 B = Non-spawn XP
 C = Spawn XP percentage of total XP
 D = Spawn monster count
 E = Non-spawn monster count
 F = Spawn count percentage of total count
 G = Total turns spent on level
                    A         B        C        D         E        F      G
               +---------+---------+-------+---------+---------+-------+---------
         Total |       0 |      38 |   0.0 |       0 |      17 |   0.0 |  1832
               +---------+---------+-------+---------+---------+-------+---------
           D:1 |       0 |      18 |   0.0 |       0 |      13 |   0.0 |  1065
           D:2 |       0 |      20 |   0.0 |       0 |       4 |   0.0 |   767
               +---------+---------+-------+---------+---------+-------+---------
